[Event "Titled Tuesday Blitz May 2 Late 2023"]
[White "Papasimakopoulos, Alexandros"]
[Black "Ibarra Jerez, Jose Carlos"]
[WhiteFideId "4244125"]
[BlackFideId "2226332"]
[WhiteElo "2359"]
[BlackElo "2638"]
[Result "1-0"]
[Round "11"]
[TimeControl "180+2"]
[Date "2023.05.02"]
[WhiteClock "0:00:21"]
[BlackClock "0:00:20"]

1. d4 Nf6 2. c4 d6 3. Nf3 g6 4. Nc3 Bf5 5. Nh4 Bd7 6. e4 e5 7. Nf3 exd4 8. Nxd4 Bg7 9. Be2 O-O 10. O-O Re8 11. f3 Nc6 12. Be3 Nh5 13. Nxc6 bxc6 14. g4 Nf6 15. Qd2 Be6 16. b3 Nd7 17. Rad1 Qb8 18. Kg2 a5 19. h4 Qb4 20. Bd4 Bxd4 21. Qxd4 a4 22. Nxa4 Rxa4 23. bxa4 Qxa4 24. Rd2 c5 25. Qc3 Ne5 26. Rc1 Qa8 27. g5 Nc6 28. Qf6 Nd4 29. h5 Qd8 30. Qxd8 Rxd8 31. h6 Ra8 32. Rc3 Kf8 33. Kf2 Ke7 34. Ke3 Ra4 35. a3 f6 36. f4 fxg5 37. fxg5 Bd7 38. Bd1 Ra8 39. Rxd4 cxd4+ 40. Kxd4 Ra5 41. c5 Be6 42. Bc2 Rb5 43. cxd6+ Kxd6 44. e5+ Ke7 45. Rxc7+ Kf8 46. Bxg6 Rd5+ 47. Ke4 Ra5 48. Bxh7 Ra4+ 49. Ke3 Rxa3+ 50. Kf2 Rh3 51. g6 Rxh6 52. g7+ Ke8 53. g8=Q+ Bxg8 54. Bxg8 Kd8 55. Ra7 Rg6 56. Bf7 Rg5 57. e6 Re5 58. Kf3 Re1 59. Kf4 Re2 60. Kg5 Rg2+ 61. Kf6 Rf2+ 62. Kg7 Re2 63. Kf8 1-0


[Site "https://www.chess.com"]

[Event "Titled Tuesday Blitz May 2 Late 2023"]
[White "Muradli, Mahammad"]
[Black "Averjanov, Alexey"]
[WhiteFideId "13409301"]
[BlackFideId "14109867"]
[WhiteElo "2558"]
[BlackElo "2399"]
[Result "1-0"]
[Round "11"]
[TimeControl "180+2"]
[Date "2023.05.02"]
[WhiteClock "0:01:13"]
[BlackClock "0:02:19"]

1. Nf3 d5 2. c4 e6 3. g3 Nf6 4. Bg2 Be7 5. O-O O-O 6. d4 c6 7. Nbd2 Nbd7 8. Qc2 b6 9. e4 dxe4 10. Nxe4 Bb7 11. Ne5 Nxe5 12. dxe5 Nxe4 13. Bxe4 g6 14. Bh6 Re8 15. h4 Qc7 16. Bf4 c5 17. Rad1 Rad8 18. b3 h5 19. Bxg6 fxg6 20. Qxg6+ Kh8 21. Qxh5+ Kg8 22. Qg6+ Kh8 23. Qh6+ Kg8 24. Qxe6+ Kh8 25. Qh6+ Kg8 26. Qg6+ Kh8 27. e6 Bd6 28. Rxd6 Qg7 29. Qh5+ Kg8 30. Rd7 Rxd7 31. Qxe8+ 1-0


[Site "https://www.chess.com"]

[Event "Titled Tuesday Blitz May 2 Late 2023"]
[White "Indjic, Aleksandar"]
[Black "Mendez Fortes, Eduardo Jesus"]
[WhiteFideId "911925"]
[BlackFideId "3502376"]
[WhiteElo "2614"]
[BlackElo "2307"]
[Result "0-1"]
[Round "11"]
[TimeControl "180+2"]
[Date "2023.05.02"]
[WhiteClock "0:00:03"]
[BlackClock "0:00:06"]

1. d4 Nf6 2. Nf3 d5 3. Bf4 c5 4. e3 Nc6 5. Nbd2 Qb6 6. dxc5 Qxb2 7. Rb1 Qc3 8. Bb5 Bd7 9. O-O e6 10. Rb3 Qxc5 11. c4 a6 12. Bxc6 Bxc6 13. Ne5 Ba4 14. Qb1 Bxb3 15. Nxb3 Qb4 16. Rc1 Be7 17. Nd3 Qa3 18. c5 O-O 19. Be5 Nd7 20. Bd4 Rac8 21. f4 Rc7 22. Rc3 Bf6 23. Ne5 Bxe5 24. fxe5 Qa4 25. e4 dxe4 26. Qxe4 Nb8 27. Rh3 h6 28. Rg3 Rd7 29. Qf4 Kh8 30. Qg4 Rg8 31. Qf4 Nc6 32. Rh3 Rc8 33. Rxh6+ Kg8 34. Rh4 Nxd4 35. Nxd4 Rxc5 36. Nf3 Qxf4 37. Rxf4 Rd1+ 38. Kf2 Rc2+ 39. Kg3 Rxa2 40. Rc4 f6 41. Rc7 Rb1 0-1


[Site "https://www.chess.com"]

[Event "Titled Tuesday Blitz May 2 Late 2023"]
[White "Seemann, Jakub"]
[Black "Sieciechowicz, Marcin"]
[WhiteFideId "21874697"]
[BlackFideId "1130170"]
[WhiteElo "2364"]
[BlackElo "2302"]
[Result "0-1"]
[Round "11"]
[TimeControl "180+2"]
[Date "2023.05.02"]
[WhiteClock "0:00:02"]
[BlackClock "0:00:12"]

1. e4 e6 2. d4 d5 3. Nc3 Bb4 4. exd5 exd5 5. Bd3 Nf6 6. a3 Bxc3+ 7. bxc3 O-O 8. Ne2 b6 9. O-O Ba6 10. Bg5 h6 11. Bh4 Bxd3 12. cxd3 Nbd7 13. Qd2 Qe7 14. Rfe1 Qd6 15. Bg3 Qc6 16. Rec1 Rac8 17. c4 dxc4 18. dxc4 Ne4 19. Qf4 Nxg3 20. Nxg3 Rfe8 21. Nf5 Nf8 22. d5 Qc5 23. h4 Ng6 24. Qg4 Qf8 25. h5 Ne5 26. Qf4 Kh7 27. Rc3 g6 28. Ng3 Qg7 29. Rac1 g5 30. Qe4+ Kg8 31. Qc2 Nd7 32. Nf5 Qf6 33. Rf3 Ne5 34. Re3 Ng4 35. Rxe8+ Rxe8 36. c5 bxc5 37. Ng3 Ne5 38. Ne4 Qf4 39. Nxc5 Ng4 40. g3 Qf3 41. Nd3 Re2 42. Qxc7 Nxf2 43. Qd8+ Kg7 0-1


[Site "https://www.chess.com"]

[Event "Titled Tuesday Blitz May 2 Late 2023"]
[White "Benedetti, Julio"]
[Black "Pakleza, Zbigniew"]
[WhiteFideId "172545"]
[BlackFideId "1119290"]
[WhiteElo "2263"]
[BlackElo "2410"]
[Result "0-1"]
[Round "11"]
[TimeControl "180+2"]
[Date "2023.05.02"]
[WhiteClock "0:00:01"]
[BlackClock "0:00:02"]

1. e4 d6 2. d4 Nf6 3. Nc3 c6 4. Nf3 Bg4 5. h3 Bh5 6. g4 Bg6 7. Bd3 e6 8. Qe2 d5 9. exd5 cxd5 10. Bb5+ Nfd7 11. Nxd5 a6 12. Bf4 axb5 13. Nc7+ Ke7 14. Bg5+ Nf6 15. Nxa8 Qa5+ 16. Qd2 Qxa8 17. Qb4+ Ke8 18. Qxb5+ Nc6 19. O-O Qa6 20. a4 Bd6 21. Bxf6 gxf6 22. d5 exd5 23. Rfe1+ Kf8 24. Qxd5 Ne5 25. Nxe5 Bxe5 26. Rxe5 fxe5 27. Qxe5 f6 28. Qc7 Bf7 29. Re1 Qxa4 30. Re7 Qc4 31. Qxb7 h5 32. g5 fxg5 33. Re4 Qd5 0-1


[Site "https://www.chess.com"]

[Event "Titled Tuesday Blitz May 2 Late 2023"]
[White "Yanchenko, Roman"]
[Black "Tsotsonava, Elene"]
[WhiteFideId "4137329"]
[BlackFideId "13615939"]
[WhiteElo "2491"]
[BlackElo "1829"]
[Result "1-0"]
[Round "11"]
[TimeControl "180+2"]
[Date "2023.05.02"]
[WhiteClock "0:00:19"]
[BlackClock "0:00:05"]

1. d4 Nf6 2. Nf3 d5 3. c4 e6 4. Nc3 Be7 5. Bf4 O-O 6. e3 a6 7. Rc1 Nbd7 8. a3 dxc4 9. Bxc4 b5 10. Ba2 c5 11. d5 exd5 12. Nxd5 Nxd5 13. Bxd5 Ra7 14. O-O Nf6 15. Ba2 Qxd1 16. Rfxd1 Bg4 17. h3 Bxf3 18. gxf3 c4 19. Be5 Rd8 20. Rxd8+ Bxd8 21. b3 cxb3 22. Rc8 Rd7 23. Bxb3 Kf8 24. a4 Ne8 25. axb5 axb5 26. Rb8 Nd6 27. f4 f6 28. Be6 fxe5 29. Bxd7 exf4 30. Bxb5 Ke7 31. Bd3 fxe3 32. fxe3 h6 33. Ra8 Bb6 34. Kf2 Nf7 35. Ra6 Bc5 36. Ra5 Bd6 37. Ra7+ Kf6 38. Ra6 Ke7 39. Bc4 Ne5 40. Bd5 h5 41. Kg3 g5 42. Kf2 g4 43. hxg4 Nxg4+ 44. Kf3 Ne5+ 45. Ke4 h4 46. Kf5 h3 47. Ra7+ Kd8 48. Ke6 Bb8 49. Rb7 Kc8 50. Rxb8+ Kxb8 51. Kxe5 1-0


[Site "https://www.chess.com"]

[Event "Titled Tuesday Blitz May 2 Late 2023"]
[White "Hansen, Eric"]
[Black "Loiacono, Antonio"]
[WhiteFideId "2606771"]
[BlackFideId "895415"]
[WhiteElo "2561"]
[BlackElo "2257"]
[Result "1-0"]
[Round "11"]
[TimeControl "180+2"]
[Date "2023.05.02"]
[WhiteClock "0:01:50"]
[BlackClock "0:01:48"]

1. d4 Nf6 2. Bg5 e6 3. Nd2 h6 4. Bh4 d5 5. e3 Be7 6. Bd3 b6 7. Qe2 Bb7 8. Ngf3 Nbd7 9. O-O-O c5 10. c3 c4 11. Bc2 Ne4 12. Bxe7 Qxe7 13. Nxe4 dxe4 14. Nd2 f5 15. Qxc4 O-O 16. f3 exf3 17. gxf3 Rfc8 18. Qe2 b5 19. Kb1 a5 20. e4 fxe4 21. Bxe4 Bxe4+ 22. Nxe4 b4 23. c4 Nb6 24. c5 Nd5 25. Rhg1 a4 26. Nd6 Rf8 27. Rg4 a3 28. Rdg1 axb2 29. Rxg7+ Qxg7 30. Qxe6+ Kh8 31. Rxg7 Nc3+ 32. Kxb2 Kxg7 33. Nf5+ Kh8 34. Qxh6+ 1-0


[Site "https://www.chess.com"]

[Event "Titled Tuesday Blitz May 2 Late 2023"]
[White "Kucuksari, Kaan"]
[Black "Kobo, Ori"]
[WhiteFideId "6380166"]
[BlackFideId "2812320"]
[WhiteElo "2364"]
[BlackElo "2447"]
[Result "1-0"]
[Round "11"]
[TimeControl "180+2"]
[Date "2023.05.02"]
[WhiteClock "0:00:04"]
[BlackClock "0:00:03"]

1. d4 d5 2. c4 e6 3. Nf3 Nf6 4. g3 Bb4+ 5. Bd2 a5 6. Qa4+ Bd7 7. Qc2 c5 8. cxd5 cxd4 9. dxe6 Bxe6 10. Bg2 Nc6 11. O-O O-O 12. Bg5 h6 13. Bxf6 Qxf6 14. Nbd2 Rac8 15. Rac1 Rfe8 16. a3 Bf5 17. Qd1 Bf8 18. Ne1 h5 19. Nd3 h4 20. Nf3 h3 21. Bh1 Bg4 22. Qd2 Re6 23. Nf4 Rd6 24. Qd3 g5 25. Nd2 gxf4 26. Ne4 Qg6 27. Nxd6 Qxd3 28. exd3 Bxd6 29. Be4 Be2 30. Rfe1 f3 31. Bf5 Rd8 32. Bxh3 Ne5 33. Bf5 Bb8 34. Rc2 Nxd3 35. Rcxe2 Nxe1 36. Rxe1 Kg7 37. Bg4 d3 38. Bxf3 d2 39. Rd1 b5 40. Kf1 Be5 41. b3 Rd3 42. Ke2 Rxb3 43. Rxd2 Rxa3 44. Rd7 Ra2+ 45. Kf1 Ra1+ 46. Kg2 Kf8 47. Bd5 f6 48. Rf7+ Ke8 49. Ra7 b4 50. h4 Bd4 51. Ra8+ Ke7 52. h5 Rc1 53. h6 f5 54. h7 Rc5 55. Bf3 Rc3 56. Ra7+ Kd6 57. Ra8 Ke7 58. Rg8 b3 59. h8=Q Bxh8 60. Rxh8 a4 61. Ra8 b2 62. Ra7+ Kf6 63. Ra6+ Kg7 64. Ra7+ Kf8 65. Ra8+ Kg7 66. Ra7+ Kf6 67. Ra6+ Ke5 68. Ra5+ Kd6 69. Ra6+ Kc7 70. Ra7+ Kc8 71. Ra8+ Kd7 72. Ra7+ Rc7 73. Rxa4 b1=Q 74. Rd4+ Ke7 75. Rd1 Qb6 76. Re1+ Kf6 77. Rh1 Rc2 78. Rh6+ Kg5 79. Rxb6 1-0


[Site "https://www.chess.com"]

[Event "Titled Tuesday Blitz May 2 Late 2023"]
[White "Santos Ruiz, Miguel"]
[Black "Aldokhin, Ivan"]
[WhiteFideId "22291482"]
[BlackFideId "24115720"]
[WhiteElo "2504"]
[BlackElo "2322"]
[Result "1-0"]
[Round "11"]
[TimeControl "180+2"]
[Date "2023.05.02"]
[WhiteClock "0:00:45"]
[BlackClock "0:00:01"]

1. d4 Nf6 2. Nf3 g6 3. Nbd2 Bg7 4. e4 O-O 5. Bd3 d6 6. O-O c5 7. c3 cxd4 8. cxd4 Nc6 9. h3 e5 10. d5 Nb4 11. Bb1 a5 12. a3 Na6 13. b4 axb4 14. axb4 Bd7 15. Qb3 Qb6 16. Nc4 Qc7 17. Be3 Bb5 18. Rc1 Qe7 19. Bd3 Nxe4 20. Bxe4 f5 21. Nb6 Rae8 22. Ng5 fxe4 23. Nxe4 Rf4 24. f3 Bh6 25. Ra5 Ref8 26. Bxf4 Bxf4 27. Rc8 Rxc8 28. Nxc8 Qc7 29. Qc3 Nxb4 30. Qxc7 1-0


[Site "https://www.chess.com"]

[Event "Titled Tuesday Blitz May 2 Late 2023"]
[White "Szpar, Milosz"]
[Black "Manukyan, Sargis A."]
[WhiteFideId "1184989"]
[BlackFideId "13303970"]
[WhiteElo "2436"]
[BlackElo "2187"]
[Result "1/2-1/2"]
[Round "11"]
[TimeControl "180+2"]
[Date "2023.05.02"]
[WhiteClock "0:00:37"]
[BlackClock "0:00:04"]

1. e4 c5 2. c3 d5 3. exd5 Qxd5 4. d4 Nf6 5. Nf3 Bg4 6. dxc5 Qxc5 7. h3 Bd7 8. Na3 e6 9. Be3 Qc8 10. Nb5 Nc6 11. Nd6+ Bxd6 12. Qxd6 Qb8 13. Qa3 Nd5 14. O-O-O Nxe3 15. fxe3 Qc7 16. Bb5 h6 17. Rd6 O-O 18. Rhd1 Rfd8 19. Bxc6 Bxc6 20. Rxd8+ Rxd8 21. Rxd8+ Qxd8 22. Qxa7 Qd3 23. Qd4 Qf1+ 24. Qd1 Qxg2 25. Ne5 Bd5 26. Kb1 Qe4+ 27. Nd3 Bc4 28. Kc2 Qxe3 29. Nb4 Qe4+ 30. Kc1 Qe3+ 31. Kc2 Qxh3 32. Qd8+ Kh7 33. b3 Qg2+ 34. Kc1 Bd5 35. Qd7 Qg5+ 36. Kb2 Qd2+ 37. Nc2 Qf2 38. Qa4 f5 39. Kc1 Be4 40. Nd4 Qe1+ 41. Kb2 Qd2+ 42. Ka3 Qxc3 43. Nxe6 b6 44. Qd7 Qc1+ 45. Kb4 Qe1+ 46. Ka3 Qa5+ 47. Kb2 Qe5+ 48. Ka3 h5 49. Ng5+ Kg6 50. Ne6 Qf6 51. Qe8+ Kh6 52. Qh8+ Kg6 53. Qe8+ Kh6 54. Qh8+ Kg6 55. Qe8+ 1/2-1/2


[Site "https://www.chess.com"]

[Event "Titled Tuesday Blitz May 2 Late 2023"]
[White "Antonica, Dragos-Andrei"]
[Black "Samsonkin, Artiom"]
[WhiteFideId "1246372"]
[BlackFideId "13503111"]
[WhiteElo "2285"]
[BlackElo "2524"]
[Result "0-1"]
[Round "11"]
[TimeControl "180+2"]
[Date "2023.05.02"]
[WhiteClock "0:02:00"]
[BlackClock "0:01:39"]

1. e4 e6 2. d4 d5 3. Nc3 Nf6 4. Bg5 dxe4 5. Nxe4 Bd7 6. Nxf6+ gxf6 7. Bh4 Bc6 8. Nf3 Rg8 9. Bg3 Bd6 10. Bd3 f5 11. Qd2 Qf6 12. O-O-O Bxf3 13. Bxd6 Bxd1 14. Be5 Qg5 15. Bf4 Qxg2 16. Rxd1 Nc6 17. d5 Qxd5 18. Bxc7 Rc8 19. Bg3 Qa5 20. Qe3 Qxa2 21. Bxf5 Qa1+ 22. Kd2 Qa5+ 0-1


[Site "https://www.chess.com"]

[Event "Titled Tuesday Blitz May 2 Late 2023"]
[White "Kim, Sergey"]
[Black "Halkias, Stelios"]
[WhiteFideId "13700570"]
[BlackFideId "4201809"]
[WhiteElo "2295"]
[BlackElo "2451"]
[Result "0-1"]
[Round "11"]
[TimeControl "180+2"]
[Date "2023.05.02"]
[WhiteClock "0:00:38"]
[BlackClock "0:01:01"]

1. d4 d5 2. c4 e6 3. Nc3 Nf6 4. Nf3 c5 5. e3 a6 6. a3 dxc4 7. Bxc4 b5 8. Ba2 Bb7 9. O-O Nbd7 10. Qe2 Be7 11. Rd1 Qc7 12. e4 cxd4 13. Rxd4 Bc5 14. Rd1 Ng4 15. Rf1 h5 16. h3 Qg3 17. Be3 Bxe3 18. fxe3 Nge5 19. Rad1 O-O 20. Nxe5 Nxe5 21. Qxh5 Qxe3+ 22. Kh1 Qg3 23. Ne2 Qe3 24. Rde1 Nd3 25. Rb1 Qxe4 26. Rg1 g6 27. Qg4 Nf2+ 0-1


[Site "https://www.chess.com"]

[Event "Titled Tuesday Blitz May 2 Late 2023"]
[White "Nazari, Arad"]
[Black "Ambartsumova, Karina"]
[WhiteFideId "12577324"]
[BlackFideId "4166299"]
[WhiteElo "2242"]
[BlackElo "2240"]
[Result "1-0"]
[Round "11"]
[TimeControl "180+2"]
[Date "2023.05.02"]
[WhiteClock "0:00:12"]
[BlackClock "0:00:02"]

1. e4 e5 2. f4 d5 3. exd5 e4 4. d3 Qxd5 5. Nc3 Bb4 6. Bd2 Bxc3 7. Bxc3 Nf6 8. dxe4 Qxe4+ 9. Qe2 O-O 10. Bxf6 Qxe2+ 11. Bxe2 gxf6 12. Kf2 Nc6 13. c3 Be6 14. Bf3 Rad8 15. Bxc6 bxc6 16. Nf3 Rb8 17. b3 a5 18. Nd4 Bd5 19. c4 Be4 20. Rhe1 f5 21. g4 Rfd8 22. Rad1 a4 23. gxf5 c5 24. Nb5 Rxd1 25. Rxd1 axb3 26. axb3 Bc2 27. Rc1 Bxb3 28. Nxc7 Rb4 29. Na6 Rxc4 30. Rxc4 Bxc4 31. Nxc5 Kg7 32. Ke3 Ba2 33. Nd7 f6 34. Nc5 Bb1 35. Ne6+ Kf7 36. Nd4 Kg7 37. Kf3 Bd3 38. Kg4 Bb1 39. Ne6+ Kf7 40. Nd8+ Kg7 41. Nb7 Bc2 42. Nd6 Bb1 43. Kf3 Bc2 44. Ke3 Bb1 45. Kd4 Bc2 46. Kd5 Bb3+ 47. Kc6 Ba2 48. Kd7 Bb1 49. Ke7 Bc2 50. Ne8+ Kg8 51. Kxf6 Kf8 52. Nd6 Bb3 53. h4 Ba2 54. h5 Bb1 55. h6 Ba2 56. Ne4 Bb1 57. Ng5 Kg8 58. Ke6 Kh8 59. f6 Ba2+ 60. Ke7 Kg8 61. f5 Bb3 62. Ne6 1-0


[Site "https://www.chess.com"]

[Event "Titled Tuesday Blitz May 2 Late 2023"]
[White "Hajiyev, Kanan"]
[Black "Gritsenko, Nikolai"]
[WhiteFideId "13404148"]
[BlackFideId "14112493"]
[WhiteElo "2103"]
[BlackElo "2389"]
[Result "1-0"]
[Round "11"]
[TimeControl "180+2"]
[Date "2023.05.02"]
[WhiteClock "0:00:33"]
[BlackClock "0:00:33"]

1. d4 g6 2. Nf3 Bg7 3. g3 c5 4. Bg2 cxd4 5. Nxd4 Nc6 6. Nxc6 bxc6 7. O-O Rb8 8. c4 Qc7 9. Nc3 d6 10. Qc2 Nf6 11. b3 Bf5 12. Qd2 h5 13. Bb2 h4 14. e4 Be6 15. Rfe1 Kf8 16. Rad1 Qa5 17. Na4 Qh5 18. e5 dxe5 19. Rxe5 Qh7 20. g4 Nxg4 21. Qd8+ 1-0


[Site "https://www.chess.com"]

[Event "Titled Tuesday Blitz May 2 Late 2023"]
[White "Petrovic, Aleksa"]
[Black "Sai Krishna G V"]
[WhiteFideId "967629"]
[BlackFideId "5028280"]
[WhiteElo "2309"]
[BlackElo "2359"]
[Result "1/2-1/2"]
[Round "11"]
[TimeControl "180+2"]
[Date "2023.05.02"]
[WhiteClock "0:01:51"]
[BlackClock "0:02:44"]

1. d4 Nf6 2. c4 g6 3. Nc3 Bg7 4. e4 d6 5. Be2 O-O 6. Nf3 e5 7. O-O Nc6 8. d5 Ne7 9. b4 Nh5 10. Re1 f5 11. Ng5 Nf6 12. Bf3 c6 13. Ne6 Bxe6 14. dxe6 fxe4 15. Nxe4 Nxe4 16. Bxe4 d5 17. cxd5 cxd5 18. Bg5 dxe4 19. Qxd8 Rfxd8 20. Bxe7 Re8 21. Bc5 b6 22. Be3 Rxe6 23. Rac1 Bf8 24. Rc4 b5 25. Rxe4 a5 26. Bc5 axb4 27. Bxf8 Kxf8 28. Rxb4 Rxa2 29. Rxb5 Rf6 30. Rbxe5 Rfxf2 31. Rf1 Rxf1+ 32. Kxf1 Kg7 1/2-1/2


[Site "https://www.chess.com"]

[Event "Titled Tuesday Blitz May 2 Late 2023"]
[White "Makridis, Dimitrios"]
[Black "Haszon, David"]
[WhiteFideId "25864475"]
[BlackFideId "733610"]
[WhiteElo "2277"]
[BlackElo "2210"]
[Result "1-0"]
[Round "11"]
[TimeControl "180+2"]
[Date "2023.05.02"]
[WhiteClock "0:01:44"]
[BlackClock "0:01:47"]

1. e4 c5 2. b4 cxb4 3. a3 d5 4. exd5 Qxd5 5. Nf3 e5 6. axb4 Bxb4 7. Ba3 Bxa3 8. Nxa3 Nf6 9. Nb5 Qc5 10. d4 exd4 11. Qxd4 Qe7+ 12. Qe5 Nc6 13. Nc7+ Kd7 14. Qxe7+ Nxe7 15. Nxa8 Kc6 16. Rxa7 Bf5 17. Ne5+ 1-0


[Site "https://www.chess.com"]

[Event "Titled Tuesday Blitz May 2 Late 2023"]
[White "Tanenbaum, Zachary"]
[Black "Haydon, David L"]
[WhiteFideId "2060850"]
[BlackFideId "415405"]
[WhiteElo "2175"]
[BlackElo "2326"]
[Result "0-1"]
[Round "11"]
[TimeControl "180+2"]
[Date "2023.05.02"]
[WhiteClock "0:00:01"]
[BlackClock "0:01:15"]

1. e4 c6 2. d4 d5 3. exd5 cxd5 4. Bd3 Nc6 5. c3 Nf6 6. Bf4 g6 7. Qc2 Bg7 8. Nf3 O-O 9. h3 Re8 10. O-O a6 11. a4 Bd7 12. Ne5 Rc8 13. Qb3 Na5 14. Qb4 e6 15. Bg5 Nc4 16. Bxc4 dxc4 17. Qxb7 Rc7 18. Qxa6 Bc8 19. Qa5 h6 20. Bh4 g5 21. Bg3 Nd5 22. Nd2 f5 23. Ndxc4 f4 24. Bh2 Bb7 25. Rfe1 Ba8 26. Nb6 Rc8 27. Nec4 Nxb6 28. Nxb6 Rb8 29. Nc4 Qc8 30. Ne5 Qb7 31. f3 Qxb2 32. Qc7 Rbc8 33. Qf7+ Kh7 34. Ng4 Qxc3 35. Nf6+ Kh8 36. Nxe8 Bxd4+ 37. Kh1 Qxf3 38. Qf8+ Kh7 39. Qf7+ Kh8 40. Qf8+ Kh7 41. Qg7+ Bxg7 42. gxf3 Bxf3+ 43. Kg1 Bd4+ 44. Kf1 Rc2 45. Bg1 Bg2# 0-1


[Site "https://www.chess.com"]

[Event "Titled Tuesday Blitz May 2 Late 2023"]
[White "Vovk, Orest"]
[Black "Bryant, John Daniel"]
[WhiteFideId "14113490"]
[BlackFideId "2031280"]
[WhiteElo "2215"]
[BlackElo "2455"]
[Result "1/2-1/2"]
[Round "11"]
[TimeControl "180+2"]
[Date "2023.05.02"]
[WhiteClock "0:00:09"]
[BlackClock "0:00:05"]

1. c4 b6 2. Nc3 Bb7 3. Nf3 e6 4. d3 Nf6 5. e4 c5 6. e5 Ng4 7. h3 Nh6 8. g4 f6 9. Bxh6 gxh6 10. Ne4 Bxe4 11. dxe4 fxe5 12. Nxe5 Bg7 13. Nd3 Nc6 14. Bg2 O-O 15. O-O Ne5 16. Nxe5 Bxe5 17. Qe2 Qg5 18. f4 Rxf4 19. Rf3 Rxf3 20. Bxf3 Qf4 21. Rf1 Qg3+ 22. Qg2 Bd4+ 23. Kh1 Qxg2+ 24. Kxg2 Bxb2 25. h4 Bd4 26. g5 hxg5 27. hxg5 Kg7 28. Bh5 Rf8 29. Rxf8 Kxf8 30. Kf3 Be5 31. a4 Ke7 32. Kg4 Bb2 33. Kf3 Bc1 34. g6 hxg6 35. Bxg6 Kf6 36. Be8 d6 37. Ke2 Ke5 38. Kd3 d5 39. exd5 exd5 40. cxd5 Kxd5 41. Bf7+ Kd6 42. Kc4 a6 43. Bh5 Bd2 44. Bf3 Kc7 45. Bg2 Ba5 46. Bf3 Kb8 47. Bg2 Ka7 48. Bf3 Be1 49. Bg2 Bf2 50. Bf3 Bd4 51. Bg2 b5+ 52. axb5 a5 53. Bf1 a4 54. Bd3 Kb6 55. Bc2 a3 56. Kb3 Bb2 57. Bd3 Ka5 58. Bc4 Bc1 59. Bf7 Kxb5 60. Bc4+ Ka5 61. Bf7 Kb6 62. Bc4 Kc6 63. Bg8 Bb2 64. Kc2 Kb5 65. Ba2 c4 66. Bb1 Kb4 67. Ba2 c3 68. Bb1 Kc5 69. Ba2 Kd4 70. Bb1 Ke3 71. Ba2 Ke2 72. Bb1 Kf2 73. Ba2 Ke3 74. Bb1 Kd4 75. Ba2 Kc5 76. Bb1 Kb4 77. Ba2 Ba1 78. Bb1 a2 79. Bxa2 Ka3 80. Bf7 Bb2 81. Bg6 1/2-1/2


[Site "https://www.chess.com"]

[Event "Titled Tuesday Blitz May 2 Late 2023"]
[White "Nazaretyan, Tigran"]
[Black "Martins, Bruno Andre Leite"]
[WhiteFideId "24162345"]
[BlackFideId "1942255"]
[WhiteElo "2111"]
[BlackElo "2240"]
[Result "0-1"]
[Round "11"]
[TimeControl "180+2"]
[Date "2023.05.02"]
[WhiteClock "0:00:19"]
[BlackClock "0:01:05"]

1. d4 Nf6 2. c4 e6 3. Nf3 d5 4. Nc3 Be7 5. Bf4 O-O 6. e3 b6 7. Bd3 Bb7 8. O-O c5 9. dxc5 bxc5 10. Qe2 Nc6 11. Rfd1 d4 12. exd4 cxd4 13. Ne4 Nh5 14. Bd2 Qc7 15. g3 f5 16. Neg5 Bxg5 17. Nxg5 Ne5 18. Qxh5 h6 19. Nxe6 Qc6 20. f3 Nxf3+ 21. Kf2 Ne5 22. Bf1 Ng4+ 23. Ke1 Qxe6+ 24. Be2 Rae8 25. Be3 Qxe3 26. Qxg4 Bf3 27. Qxf3 Qxf3 28. Rd2 d3 29. Kd1 Rxe2 0-1


[Site "https://www.chess.com"]

[Event "Titled Tuesday Blitz May 2 Late 2023"]
[White "Osinenko, Anton"]
[Black "Bayo Milagro, Alvaro"]
[WhiteFideId "4158970"]
[BlackFideId "22275240"]
[WhiteElo "2294"]
[BlackElo "2270"]
[Result "0-1"]
[Round "11"]
[TimeControl "180+2"]
[Date "2023.05.02"]
[WhiteClock "0:01:40"]
[BlackClock "0:01:50"]

1. e4 e5 2. Nf3 Nc6 3. c3 d5 4. Qa4 Nf6 5. Nxe5 Bd6 6. Nxc6 bxc6 7. exd5 O-O 8. f3 Re8+ 9. Kf2 Ng4+ 10. fxg4 Qf6+ 11. Kg1 Re1 12. Qc4 Ba6 13. Qxa6 Bc5+ 14. d4 Qxd4+ 15. cxd4 Bxd4+ 16. Be3 Bxe3# 0-1


[Site "https://www.chess.com"]

[Event "Titled Tuesday Blitz May 2 Late 2023"]
[White "Simonian, Hrair"]
[Black "Karttunen, Mika"]
[WhiteFideId "13302337"]
[BlackFideId "502081"]
[WhiteElo "2447"]
[BlackElo "2396"]
[Result "0-1"]
[Round "11"]
[TimeControl "180+2"]
[Date "2023.05.02"]
[WhiteClock "0:00:02"]
[BlackClock "0:00:02"]

1. e4 c5 2. Nc3 Nc6 3. Bb5 g6 4. Bxc6 dxc6 5. d3 Bg7 6. Nge2 e5 7. Be3 b6 8. Qd2 h6 9. O-O Nf6 10. h3 Nd7 11. f4 exf4 12. Rxf4 Ne5 13. b3 Be6 14. Raf1 Qd7 15. R4f2 O-O-O 16. Nf4 Kb8 17. a4 a5 18. Nce2 Kb7 19. Bxc5 bxc5 20. Qxa5 Bf8 21. Qc3 Bd6 22. d4 cxd4 23. Nxd4 Bc7 24. Ndxe6 fxe6 25. a5 g5 26. Nd3 Nxd3 27. cxd3 Qd4 28. a6+ Kb6 29. Qxd4+ Rxd4 30. Rf6 Re8 31. R1f3 h5 32. Rg6 Bf4 33. g3 Bd2 34. Kf2 h4 35. Ke2 Bc1 36. Rf1 Ba3 37. Rxg5 hxg3 38. a7 Ra8 39. Rxg3 Rxa7 40. Rg6 e5 41. Rff6 Rc7 42. h4 Rdd7 43. h5 Rh7 44. h6 Bc5 45. Kf3 Bd4 46. Kg4 Kb5 47. Kf5 Kc5 48. b4+ Kb5 49. Re6 Rcf7+ 50. Kg4 Rd7 51. Rxc6 Kxb4 52. Rcd6 Rxd6 53. Rxd6 Be3 54. Kh5 Kc3 55. Kg4 Rxh6 56. Rd5 Bd4 57. Kf5 Rh5+ 58. Kg4 Rh8 59. Rd8 Rxd8 0-1


[Site "https://www.chess.com"]

[Event "Titled Tuesday Blitz May 2 Late 2023"]
[White "Pantev, Veselin"]
[Black "Meunier-Pion, Jean"]
[WhiteFideId "2901390"]
[BlackFideId "20685327"]
[WhiteElo "2427"]
[BlackElo "2124"]
[Result "1/2-1/2"]
[Round "11"]
[TimeControl "180+2"]
[Date "2023.05.02"]
[WhiteClock "0:00:57"]
[BlackClock "0:00:25"]

1. d4 Nf6 2. Nf3 e6 3. Bf4 c5 4. e3 Nc6 5. c3 d5 6. Nbd2 Bd6 7. Bg3 O-O 8. Bd3 b6 9. a3 Bb7 10. O-O Re8 11. b4 cxb4 12. cxb4 e5 13. dxe5 Nxe5 14. Nxe5 Bxe5 15. Bxe5 Rxe5 16. Nf3 Rh5 17. Nd4 Qd6 18. f4 Re8 19. Qf3 Bc8 20. h3 Qe7 21. Rfe1 g6 22. Rac1 Ne4 23. g4 Rh6 24. Bxe4 dxe4 25. Qg2 g5 26. f5 Bb7 27. Qg3 Rd6 28. Red1 Red8 29. Rc2 h6 30. Rcd2 a5 31. Qh2 axb4 32. axb4 Qf6 33. b5 Kh7 34. Qg3 Kg8 35. Kf2 Kh7 36. Kg1 Kg8 37. Qf2 Kh7 38. Qe2 Qe5 39. Qh2 Qf6 40. Qg3 1/2-1/2


[Site "https://www.chess.com"]

[Event "Titled Tuesday Blitz May 2 Late 2023"]
[White "Erzhanov, Arman"]
[Black "Lee, Linden"]
[WhiteFideId "4138821"]
[BlackFideId "30941830"]
[WhiteElo "2138"]
[BlackElo "1985"]
[Result "1-0"]
[Round "11"]
[TimeControl "180+2"]
[Date "2023.05.02"]
[WhiteClock "0:00:20"]
[BlackClock "0:00:08"]

1. e4 c6 2. d4 d5 3. exd5 cxd5 4. c4 e6 5. Nc3 Nf6 6. c5 Be7 7. Nf3 O-O 8. Bf4 b6 9. b4 Ne4 10. Qc2 Nc6 11. a3 Bf6 12. Nxe4 dxe4 13. Qxe4 Nxd4 14. O-O-O bxc5 15. Nxd4 Bxd4 16. Qxa8 Qf6 17. Qe4 Bb2+ 18. Kb1 e5 19. Bd3 g6 20. Bc1 Bf5 21. Qd5 Bd4 22. Be3 Rd8 23. Qc4 Be6 24. Qc2 cxb4 25. axb4 Rb8 26. Bxd4 exd4 27. b5 a6 28. Rhe1 axb5 29. Kb2 Qe7 30. Qd2 b4 31. Bc4 Qa7 32. Ra1 Qc5 33. Bxe6 fxe6 34. Qc2 Qd5 35. Qb3 Qxg2 36. Qxe6+ Kg7 37. Ra7+ Kh6 38. Qe2 Rf8 39. Qd2+ g5 40. Re6+ Kh5 41. Rxh7+ Kg4 42. h3+ Kf5 43. Re2 Qf3 44. Rhe7 Kg6 45. R2e6+ Rf6 46. Rxf6+ Qxf6 47. Rd7 d3+ 48. Kb1 Qe6 49. Qxd3+ Kh5 50. Rh7+ Qh6 51. Qf3+ Kg6 52. Rxh6+ Kxh6 53. Qg4 b3 54. f4 gxf4 55. Qxf4+ Kh5 56. Kb2 Kg6 57. Kxb3 Kh5 58. Kc3 Kg6 59. Kd3 Kh5 60. Ke3 Kg6 61. Kf3 Kh5 62. Kg3 Kg6 63. h4 Kh5 64. Qg5# 1-0


[Site "https://www.chess.com"]